 Dungeon Crawl Stone Soup version 0.24-a0-445-gd5110b030a (webtiles) character file.

Game seed: 5264149939441094880

497 HAL9000 the Ruffian (level 6, -2/47 HPs)
             Began as a Draconian Transmuter on June 22, 2019.
             Slain by an orc priest
             ... wielding a +0 dagger
              (3 damage)
             ... on level 5 of the Dungeon.
             The game lasted 00:05:29 (4332 turns).

HAL9000 the Ruffian (Draconian Transmuter)          Turns: 4332, Time: 00:05:30

Health: -2/47      AC:  2    Str: 13    XL:     6   Next: 93%
Magic:  4/9        EV: 19    Int: 14    God:
Gold:   395        SH:  0    Dex: 17    Spells: 3/9 levels left

rFire    . . .     SeeInvis .     - Unarmed
rCold    . . .     Gourm    .   (shield currently unavailable)
rNeg     . . .     Faith    .   (armour unavailable)
rPois    x         Spirit   .   (helmet currently unavailable)
rElec    .         Reflect  .   (cloak currently unavailable)
rCorr    .         Harm     .   (gloves currently unavailable)
MR       .....                  (boots currently unavailable)
Stlth    ++........             (no amulet)
HPRegen  0.15/turn              (no ring)
MPRegen  0.11/turn              (no ring)

@: spider-form (expiring), very slightly contaminated
A: tiny, unfitting armour, AC +6
a: End Transformation


You were on level 5 of the Dungeon.
You were very hungry.
You were a venomous arachnid creature.
You visited 1 branch of the dungeon, and saw 5 of its levels.

You collected 395 gold pieces.

Inventory:

Missiles
 a - 8 arrows
Armour
 d - a cursed +0 pair of boots (melded)
 u - a +2 pair of gloves (melded)
 v - a +1 hat (melded)
 x - a +2 buckler
Wands
 o - a wand of iceblast (11)
 q - a wand of disintegration (11)
 w - a wand of polymorph (5)
Scrolls
 b - 2 scrolls of noise {unknown}
 e - 2 scrolls of identify {unknown}
 f - a scroll of fear {unknown}
 i - a scroll of teleportation {unknown}
 k - 2 scrolls of enchant armour {unknown}
 l - 2 scrolls of blinking {unknown}
 n - a scroll of fog {unknown}
 s - 3 scrolls of remove curse {unknown}
 t - 2 scrolls of enchant weapon {unknown}
 y - a scroll of random uselessness {unknown}
Potions
 g - 3 potions of heal wounds {unknown}
 h - a potion of might {unknown}
 j - a potion of mutation {unknown}
 m - 2 potions of haste {unknown}
 p - a potion of magic {unknown}
 r - 2 potions of berserk rage {unknown}
 z - a potion of degeneration {unknown}
Comestibles
 c - 6 rations


   Skills:
 - Level 1.1 Fighting
 - Level 1.7 Dodging
 - Level 6.0 Unarmed Combat
 - Level 2.0 Spellcasting
 + Level 5.4 Transmutations


You had 3 spell levels left.
You knew the following spells:

 Your Spells              Type           Power        Failure   Level  Hunger
a - Beastly Appendage     Tmut           ###...       10%         1    ##.....
b - Sticks to Snakes      Tmut           ###.....     12%         2    ###....
c - Spider Form           Tmut/Pois      #.........   45%         3    ####...

Your spell library contained the following spells:

 Spells                   Type           Power        Failure   Level  Hunger
 Blade Hands              Tmut           ###.......   77%         5    ######.
 Ice Form                 Ice/Tmut       #.......     80%         4    #####..


Dungeon Overview and Level Annotations

Branches:
Dungeon (5/15)
 Temple: D:4-7

Altars:
Fedhas
Gozag
Makhleb
Okawaru
Qazlal
Sif Muna
Wu Jian
Xom
Yredelemnul


Innate Abilities, Weirdness & Mutations

((Your plain brown scales are hard. (AC +6)))
You cannot fit into any form of body armour.
((You are cold-blooded and may be slowed by cold attacks.))


Message History

* * * LOW HITPOINT WARNING * * *
The orc barely misses you.
Items here: )) ††† a +0 club; a +0 flail; an orc corpse x3
The orc priest hits you with a +0 dagger.
* * * LOW HITPOINT WARNING * * *
Found a pair of boots.
Unknown command.
You barely miss the orc priest.
Your transformation is almost over.
The orc priest completely misses you. The orc completely misses you.
You are feeling very hungry.
You hit the orc priest.
The orc priest is poisoned.
The orc priest is moderately wounded.
The orc priest hits you with a +0 dagger.
* * * LOW HITPOINT WARNING * * *
The orc misses you.
Unknown command.
The orc priest hits you with a +0 dagger.
You die...

.'.........'.
##.........#
.# ##.......#
.[. ##.....##
#.# ##..(## #
#.# # ##'## #.
#.# .# #.# #..
#.# ..# #.#
#..##.##..#
######.##
#...s.....#
........##
#...o.....#
####.....#
######o#####
##...##
#....!.# ###
#..## #(######
..###..#####.#
.............#
######)#######
#)#


You could see an orc priest and an orc.

Vanquished Creatures
  A sky beast (D:5)
  A hound (D:2)
  A bullfrog skeleton (D:4)
  An orc wizard (D:5)
  3 worker ants
  10 adders
  5 worms
  A dart slug (D:4)
  3 leopard geckos
  11 orcs
  6 giant cockroaches
  4 goblins
  8 hobgoblins
  10 jackals
  7 kobolds
  A ball python (D:4)
  6 bats
  6 frilled lizards
  4 rats
89 creatures vanquished.

Vanquished Creatures (collateral kills)
  A hound (D:4)
  An orc wizard (D:4)
2 creatures vanquished.

Grand Total: 91 creatures vanquished

Notes
Turn   | Place    | Note
-------+----------+-------------------------------------------
     0 | D:1      | HAL9000 the Draconian Transmuter began the quest for the
                  | Orb.
     0 | D:1      | Reached XP level 1. HP: 16/16 MP: 3/3
   308 | D:1      | Reached XP level 2. HP: 19/23 MP: 3/5
   667 | D:2      | Found a basalt altar of Yredelemnul.
   718 | D:2      | Reached skill level 4 in Unarmed Combat
  1074 | D:2      | Reached XP level 3. HP: 27/28 MP: 4/6
  1305 | D:2      | Learned a level 2 spell: Sticks to Snakes
  1309 | D:2      | Learned a level 3 spell: Spider Form
  1349 | D:2      | Found an iron altar of Okawaru.
  1568 | D:2      | Reached XP level 4. HP: 34/35 MP: 5/7
  1570 | D:2      | Found a deep blue altar of Sif Muna.
  1682 | D:2      | Reached skill level 5 in Unarmed Combat
  1688 | D:2      | Found a burning altar of Makhleb.
  2150 | D:3      | Found an ornate altar of the Wu Jian Council.
  2259 | D:3      | Reached XP level 5. HP: 31/40 MP: 8/8
  2475 | D:3      | Found a blossoming altar of Fedhas.
  2540 | D:3      | Reached skill level 6 in Unarmed Combat
  2548 | D:3      | Found an opulent altar of Gozag.
  3241 | D:4      | Reached XP level 6. HP: 41/47 MP: 7/9
  3336 | D:4      | Found a shimmering altar of Xom.
  3652 | D:5      | Entered Level 5 of the Dungeon
  3720 | D:5      | Found a stormy altar of Qazlal.
  3725 | D:5      | Noticed a sky beast
  3745 | D:5      | Killed a sky beast
  3851 | D:5      | Reached skill level 5 in Transmutations
  4331 | D:5      | HP: 1/47 [orc priest/+0 dagger (3)]
  4332 | D:5      | Slain by an orc priest

Levels and vault maps discovered:
D:1:      nzn_arrival_depleted_hourglass, layout_basic, minmay_misc_feat_doors
D:2:      minmay_skewed_foursquare, layout_loops_corners, led_sif_pool,
          yredelemnul_altar_generic, makhleb_heckhound_becter,
          okawaru_metal_pillars_1_2, first_ration
D:3:      layout_basic, fedhas_altar_2, marbit_many_paths, lemuel_crystal_altar
D:4:      kennysheep_big_flooded_room, layout_basic, lemuel_crystal_altar,
          lemuel_old_faithful
D:5:      layout_loops_corners, nicolae_overflow_crystal_walls, basic_altar,
          uniq_ijyb

Skill      XL: |  1  2  3  4  5  6 |
---------------+-------------------+-----
Unarmed Combat | 4 5 6 |  6.0
Transmutations | 3 5 |  5.4
Fighting       | |  1.1
Dodging        | |  1.7
Spellcasting   | |  2.0

Action                   |  1- 3 |  4- 6 || total
-------------------------+-------+-------++-------
Melee: Unarmed           |   136 |   216 ||   352
       Tailslap          |    13 |    11 ||    24
       Headbutt          |     7 |    14 ||    21
       Punch             |     3 |     4 ||     7
 Cast: Beastly Appendage |    19 |    22 ||    41
       Spider Form       |       |     3 ||     3
       Sticks to Snakes  |       |     4 ||     4
 Stab: Sleeping          |       |     4 ||     4
  Eat: Chunk             |     3 |     9 ||    12
Armor: Skin              |    33 |    72 ||   105
Dodge: Dodged            |    82 |   136 ||   218

Table legend:
 A = Non-vault XP
 B = Vault XP
 C = Vault XP percentage of total XP
 D = Non-vault monster count
 E = Vault monster count
 F = Vault count percentage of total count
                 A         B        C        D         E       F
            +---------+---------+-------+---------+---------+-------
      Total |     615 |      96 |  13.5 |      80 |      11 |  12.1
            +---------+---------+-------+---------+---------+-------
        D:1 |      16 |       0 |   0.0 |       9 |       0 |   0.0
        D:2 |      82 |      58 |  41.4 |      26 |       8 |  23.5
        D:3 |     117 |       2 |   1.7 |      24 |       1 |   4.0
        D:4 |     122 |      36 |  22.8 |       9 |       2 |  18.2
        D:5 |     278 |       0 |   0.0 |      12 |       0 |   0.0
            +---------+---------+-------+---------+---------+-------
